 Dungeon Crawl Stone Soup version 0.20-a0-870-g4070442 (console) character file.

82 hittembot the Skirmisher (level 4, -2/35 HPs)
             Began as a Mummy Fighter on Mar 13, 2017.
             Slain by hittembot's ghost (8 damage)
             ... on level 3 of the Dungeon.
             The game lasted 00:01:14 (2767 turns).

hittembot the Skirmisher (Mummy Fighter)            Turns: 2767, Time: 00:01:15

Health: -2/35      AC:  6    Str: 19    XL:     4   Next: 21%
Magic:  4/4        EV:  7    Int:  7    God:
Gold:   110        SH:  9    Dex: 12    Spells: 3/3 levels left

rFire    x . .     SeeInvis .   a - +0 war axe
rCold    + . .     Gourm    .   b - +0 scale mail
rNeg     + + +     Faith    .   c - +0 shield
rPois    ∞         Spirit   .   (no helmet)
rElec    .         Reflect  .   (no cloak)
rCorr    .         Harm     .   (no gloves)
MR       .....                  (no boots)
Stlth    ..........             (no amulet)
Regen    0.2/turn               (no ring)
MPRegen  0.1/turn               (no ring)

@: no status effects
A: no food or potions, fire vulnerability, cold resistance 1, negative energy
resistance 3, torment resistance, unbreathing
a: no special abilities


You were on level 3 of the Dungeon.
You were not hungry.

You visited 1 branch of the dungeon, and saw 3 of its levels.

You collected 110 gold pieces.

Inventory:

Hand Weapons
 a - a +0 war axe (weapon)
Armour
 b - a +0 scale mail (worn)
 c - a +0 shield (worn)
Jewellery
 k - an uncursed ring of stealth {unknown}
Wands
 j - a wand of digging (14/24)
Scrolls
 d - 2 scrolls of remove curse {unknown}
 e - 2 scrolls of enchant armour {unknown}
 f - a scroll of immolation {unknown}
 g - a scroll of noise {unknown}
 h - 2 scrolls of identify {unknown}
 i - a scroll of fog {unknown}


   Skills:
 + Level 3.3 Fighting
 + Level 2.4 Axes
 + Level 3.0 Armour
 + Level 0.2 Dodging
 + Level 2.8 Shields


You had 3 spell levels left.
You didn't know any spells.

Dungeon Overview and Level Annotations

Branches:
Dungeon (3/15)

Altars:

Annotations:
D:3 hittembot's ghost, amateur MiFi


Innate Abilities, Weirdness & Mutations

You do not eat or drink.
Your flesh is vulnerable to fire.
You are immune to poison.
Your flesh is cold resistant. (rC+)
You are immune to negative energy. (rN+++)
You are immune to unholy pain and torment.
You can survive without breathing.


Message History

k - an onyx ring You now have 110 gold pieces (gained 11).
Found 18 bolts.
Hittembot's ghost (amateur Minotaur Fighter) comes into view.
Hittembot's ghost turns its malevolent gaze towards you.
An adder comes into view.
There are monsters nearby!
There are monsters nearby!
The adder hisses angrily.
A kobold comes into view.
The kobold shouts!
You block the adder's attack. Hittembot's ghost hits you!
You closely miss hittembot's ghost. You miss the adder.
You block the adder's attack. The adder bites you. Hittembot's ghost hits you!
* * * LOW HITPOINT WARNING * * *
You closely miss hittembot's ghost. You hit the adder.
The adder bites you but does no damage. Hittembot's ghost hits you.
* * * LOW HITPOINT WARNING * * *
The adder bites you but does no damage. Hittembot's ghost hits you!
You die...

#........ . .........
.... #........ .....
#........ .(....
#........
......##K.......
........WS......
......##@.......
........###.####
........# ..#
........####.##
####..........#
#####....#.#
#######....#.# .
...........#.#####....
......................


You could see hittembot's ghost, an adder and a kobold.

Vanquished Creatures
  An adder (D:2)
  2 oozes
  A worm (D:2)
  3 dart slugs (D:2)
  A leopard gecko (D:3)
  A ball python (D:1)
  4 bats
  7 giant cockroaches
  7 goblins
  8 hobgoblins
  3 jackals (D:2)
  4 kobolds
  6 frilled lizards
  3 rats (D:1)
51 creatures vanquished.

Notes
Turn   | Place    | Note
-------+----------+-------------------------------------------
     0 | D:1      | hittembot the Mummy Fighter began the quest for the Orb.
     0 | D:1      | Reached XP level 1. HP: 18/18 MP: 1/1
   416 | D:1      | Reached XP level 2. HP: 23/24 MP: 2/2
   957 | D:1      | Reached XP level 3. HP: 23/29 MP: 3/3
  2239 | D:2      | Reached XP level 4. HP: 16/35 MP: 4/4
  2762 | D:3      | Noticed hittembot's ghost (amateur MiFi)
  2767 | D:3      | Slain by hittembot's ghost

Vault maps used:
D:1:      dpeg_arrival_windows_large_door, minivault_23
D:2:      due_unseen_surprise
D:3:      lemuel_tele_altar

Skill      XL: |  1  2  3 |
---------------+----------+-----
Axes           | 2 |  2.4
Armour         | 3 |  3.0
Fighting       | |  3.3
Dodging        | |  0.2
Shields        | |  2.8

Action                   |  1- 3 |  4- 6 || total
-------------------------+-------+-------++-------
Melee: War axe           |   150 |    44 ||   194
Armor: Scale mail        |    79 |    17 ||    96
Dodge: Dodged            |    59 |    20 ||    79
Block: Shield            |    74 |    25 ||    99
